AoeStats
← mquillen10

African Clearing

510427749Analyzed
2v2 RM · 2d ago on Oct 1, 2026· 38m 26s· 4 players
Game mode
Random Map
Map size
Medium (4 player)
Population
200
Speed
Normal
Resources
Standard
Victory
Conquest
Starting age
Dark Age
Ending age
Imperial Age
RankedLock teamsTeams togetherTeam positionsShared explorationLock speedFull tech treeHidden civsTurbo modeCheats
Victory
Defeat
🇦🇷 Varangians · Argentina
954
+16
🇨🇦 Byzantines · Canada
951
+16
🇺🇸 Poles · United States
1000
-55
🇧🇪 Malians · Belgium
914
-14
Giovann264829
7:55 Loom
14:01 Feudal Age
14:43 Man-at-Arms
18:13 Double-Bit Axe
22:34 Horse Collar
27:35 Castle Age
29:32 Forging
32:10 Scale Barding Armor
32:39 Heavy Plow
33:17 Wheelbarrow
33:37 Bow Saw
33:33 Husbandry
34:14 Iron Casting
38:11 Imperial Age
37:08 Light Cavalry
ShogunPilo
3:22 Loom
13:31 Feudal Age
16:49 Feudal Age
20:17 Wheelbarrow
20:18 Fletching
28:19 Town Watch
31:06 Castle Age
39:06 Hand Cart
mquillen10
Zarathustra
3:16 Loom
13:57 Feudal Age
15:50 Man-at-Arms
20:33 Arson
30:46 Wheelbarrow
32:40 Town Watch
35:41 Stone Mining
Connection lost

Rejoining the realm…

Still unreachable

The connection could not be restored.

Session expired

The server has moved on; the page needs a fresh start.